 Dungeon Crawl Stone Soup version 0.23-a0-446-g036aa52 (webtiles) character file.

219 Dfrag the Firebug (level 5, -2/35 HPs)
             Began as a Demonspawn Fire Elementalist on Nov 18, 2018.
             Slain by an orc
             ... wielding a +2 falchion of slicing
              (5 damage)
             ... on level 4 of the Dungeon.
             The game lasted 00:04:45 (2982 turns).

Dfrag the Firebug (Demonspawn Fire Elementalist)    Turns: 2982, Time: 00:04:46

Health: -2/35      AC:  2    Str:  7 (8)  XL:     5   Next: 63%
Magic:  0/10       EV: 12    Int: 21 (23) God:
Gold:   236        SH:  0    Dex: 11 (13) Spells: 3/11 levels left

rFire    + . .     SeeInvis .   k - +0 short sword (venom)
rCold    . . .     Gourm    .   (no shield)
rNeg     . . .     Faith    .   a - +0 robe
rPois    .         Spirit   +   (helmet restricted)
rElec    .         Reflect  .   (no cloak)
rCorr    .         Harm     .   (no gloves)
MR       .....                  (no boots)
Stlth    ++........             (no amulet)
HPRegen  0.11/turn              (no ring)
MPRegen  0.12/turn              (no ring)

@: brilliant, hasted and slowed
A: horns 1, fire resistance 1, magic shield
a: no special abilities


You were on level 4 of the Dungeon.
You were not hungry.

You visited 1 branch of the dungeon, and saw 4 of its levels.

You collected 236 gold pieces.

Inventory:

Hand Weapons
 k - a +0 short sword of venom (weapon)
Armour
 a - a +0 robe (worn)
Scrolls
 e - a scroll of identify
 f - a scroll of enchant weapon
 i - 4 scrolls of remove curse {unknown}
Comestibles
 c - 4 rations


   Skills:
 - Level 1.7 Dodging
 - Level 1.7 Stealth
 + Level 3.5 Spellcasting
 + Level 3.2 Conjurations
 + Level 4.0 Fire Magic


You had 3 spell levels left.
You knew the following spells:

 Your Spells              Type           Power        Failure   Level  Hunger
a - Flame Tongue          Conj/Fire      ####.        1%          1    None
b - Conjure Flame         Conj/Fire      ####....     1%          3    ###....
c - Sticky Flame          Conj/Fire      ####....     3%          4    ####...

Your spell library contained the following spells:

 Spells                   Type           Power        Failure   Level  Hunger
 Throw Flame              Conj/Fire      ####..       1%          2    ##.....
 Inner Flame              Hex/Fire       ###.....     2%          3    ###....
 Fireball                 Conj/Fire      ####......   9%          5    ######.


Dungeon Overview and Level Annotations

Branches:
Dungeon (4/15)
 Temple: D:4-7

Altars:
Hepliaklqana
Zin
The Shining One


Innate Abilities, Weirdness & Mutations

You have a pair of small horns on your head.
Your flesh is heat resistant. (rF+)
When hurt, damage is shared between your health and your magic reserves.


Message History

The orc completely misses you.
As you read the scroll labeled UWOKHOPN YHIL, it crumbles to dust.
The scroll dissolves into smoke.
It was a scroll of fog.
The phantom misses you.
Unknown command.
As you read the scroll labeled JOTHRE MULUPA, it crumbles to dust.
You feel aware of your surroundings.
It was a scroll of magic mapping.
The orc barely misses you. The phantom hits you.
* * * LOW HITPOINT WARNING * * *
The orc barely misses you.
Unknown command.
It was a potion of brilliance.
You feel clever all of a sudden. The phantom hits you.
* * * LOW HITPOINT WARNING * * *
The orc barely misses you. The phantom misses you.
Unknown command.
You feel yourself speed up.
The orc hits you with a +2 falchion of slicing.
You die...

*,,.........####.####.#....
*,,..................÷#....
*,,o........#...#.....#....
*,,...o.....#####.....#'##.
*********#...............#.
#...............#.
#§§§............#.
#Wo§............#.
#@§§............#.
#§§§............#.
#########.§§............#.
#...#.....###############.
#...#.....# #.. #...#.....#
#.. #...#.....# #..
#...#.....# #.. #...#.....#
#..


You could see a phantom and an orc.

Vanquished Creatures
  2 orc priests
  An orc wizard (D:4)
  4 adders
  3 dart slugs
  3 leopard geckos
  8 orcs
  7 bats
  3 giant cockroaches
  5 goblins
  8 hobgoblins
  8 jackals
  9 kobolds
  2 quokkas
  4 frilled lizards
  12 rats
79 creatures vanquished.

Notes
Turn   | Place    | Note
-------+----------+-------------------------------------------
     0 | D:1      | Dfrag the Demonspawn Fire Elementalist began the quest for
                  | the Orb.
     0 | D:1      | Reached XP level 1. HP: 13/13 MP: 3/3
   280 | D:1      | Gained mutation: When hurt, damage is shared between your
                  | health and your magic reserves. [demonic ancestry]
   280 | D:1      | Reached XP level 2. HP: 19/19 MP: 3/5
   576 | D:2      | Reached skill level 3 in Fire Magic
   666 | D:2      | Gained mutation: You have a pair of small horns on your
                  | head. [demonic ancestry]
   666 | D:2      | Reached XP level 3. HP: 19/24 MP: 0/6
   685 | D:2      | Found a faded altar of an unknown god.
  1022 | D:2      | Found a hazy altar of Hepliaklqana.
  1361 | D:3      | Gained mutation: Your flesh is heat resistant. (rF+)
                  | [demonic ancestry]
  1361 | D:3      | Reached XP level 4. HP: 30/30 MP: 4/8
  1817 | D:3      | Learned a level 3 spell: Conjure Flame
  1822 | D:3      | Learned a level 4 spell: Sticky Flame
  2270 | D:2      | HP: 1/30 [orc priest/nerve-wracking pain (4)]
  2272 | D:2      | Reached XP level 5. HP: 1/35 MP: 0/9
  2863 | D:4      | Found a glowing silver altar of Zin.
  2906 | D:4      | Found a glowing golden altar of the Shining One.
  2974 | D:4      | Noticed a phantom
  2978 | D:4      | Reached skill level 4 in Fire Magic
  2982 | D:4      | Slain by an orc

Vault maps used:
D:1:      minmay_arrival_loop
D:2:      lemuel_doored_altar, chequers_ecumenical_altar_island,
          grunt_decor_one_mirror
D:4:      old_standard_altar, zin_academy, first_ration, corexii_checkpoint_b,
          uniq_blork_the_orc

Skill      XL: |  1  2  3  4  5 |
---------------+----------------+-----
Fire Magic     | 3 4 |  4.0
Conjurations   | 2 3 |  3.2
Spellcasting   | 3 |  3.5
Dodging        | |  1.7
Stealth        | |  1.7

Action                   |  1- 3 |  4- 6 || total
-------------------------+-------+-------++-------
Melee: Unarmed           |    21 |    26 ||    47
       Headbutt          |     1 |     6 ||     7
       Short sword       |       |    11 ||    11
 Cast: Flame Tongue      |    56 |    63 ||   119
       Sticky Flame      |       |     2 ||     2
  Use: Potion            |       |     7 ||     7
       Scroll            |       |     3 ||     3
 Stab: Sleeping          |       |     1 ||     1
  Eat: Chunk             |     1 |     6 ||     7
Armor: Robe              |     9 |     9 ||    18
Dodge: Dodged            |    33 |    74 ||   107

Table legend:
 A = Non-vault XP
 B = Vault XP
 C = Vault XP percentage of total XP
 D = Non-vault monster count
 E = Vault monster count
 F = Vault count percentage of total count
                 A         B        C        D         E       F
            +---------+---------+-------+---------+---------+-------
      Total |     310 |       3 |   1.0 |      77 |       2 |   2.5
            +---------+---------+-------+---------+---------+-------
        D:1 |      16 |       0 |   0.0 |      12 |       0 |   0.0
        D:2 |     134 |       0 |   0.0 |      32 |       0 |   0.0
        D:3 |     113 |       0 |   0.0 |      29 |       0 |   0.0
        D:4 |      47 |       3 |   6.0 |       4 |       2 |  33.3
            +---------+---------+-------+---------+---------+-------
